 Dungeon Crawl Stone Soup version 0.22-a0-571-g4a923d4 (webtiles) character file.

153 iamserjio the Shield-Bearer (level 5, -2/33 HPs)
             Began as a Gargoyle Fighter on July 1, 2018.
             Slain by Eustachio
             ... wielding a +0 falchion
              (3 damage)
             ... on level 4 of the Dungeon.
             The game lasted 00:02:26 (314 turns).

iamserjio the Shield-Bearer (Gargoyle Fighter)       Turns: 314, Time: 00:02:27

Health: -2/33      AC: 12    Str: 19    XL:     5   Next: 35%
Magic:  5/5        EV:  7    Int:  9    God:
Gold:   36         SH:  9    Dex: 10    Spells: 4/4 levels left

rFire    . . .     SeeInvis .   a - +0 war axe
rCold    . . .     Gourm    .   c - +0 shield
rNeg     + . .     Faith    .   b - +0 scale mail
rPois    ∞         Spirit   .   (no helmet)
rElec    +         Reflect  .   (no cloak)
rCorr    .         Harm     .   (no gloves)
MR       .....                  e - +0 pair of boots
Stlth    ..........             (no amulet)
HPRegen  0.11/turn              (no ring)
MPRegen  0.09/turn              (no ring)

@: no status effects
A: negative energy resistance 1, electricity resistance, unbreathing,
petrification resistance, rot immunity, AC +4
a: no special abilities


You were on level 4 of the Dungeon.
You were not hungry.

You visited 1 branch of the dungeon, and saw 4 of its levels.

You collected 36 gold pieces.

Inventory:

Hand Weapons
 a - a +0 war axe (weapon)
Armour
 b - a +0 scale mail (worn)
 c - a +0 shield (worn)
 e - a +0 pair of boots (worn)
Jewellery
 i - an uncursed ring of ice
Scrolls
 d - a scroll of teleportation {unknown}
 g - 2 scrolls of identify {unknown}
 h - a scroll of amnesia {unknown}
 j - 2 scrolls of remove curse {unknown}
Comestibles
 f - a ration
 k - 2 chunks of flesh


   Skills:
 + Level 4.1 Fighting
 * Level 3.3 Axes
 + Level 4.1 Armour
 + Level 4.1 Shields


You had 4 spell levels left.
You didn't know any spells.
Your spell library was empty.

Dungeon Overview and Level Annotations

Branches:
Dungeon (4/15)
 Temple: D:4-7

Altars:

Annotations:
D:4 Eustachio


Innate Abilities, Weirdness & Mutations

You are resistant to torment.
Your stone body is resilient. (AC +4)
You are immune to poison.
You resist negative energy. (rN+)
You are resistant to electric shocks. (rElec)
You can survive without breathing.
You are immune to petrification.
You are immune to rotting.


Message History

You miss the bat. You hit the crimson imp. You hit the river rat.
The bat hits you but does no damage. The quasit bites you.
The quasit claws you but does no damage.
The quasit barely misses you. You block Eustachio's attack.
The crimson imp hits you but does no damage.
The white imp barely misses you. You block the river rat's attack.
The quasit bites you but does no damage.
You block the quasit's attack. The quasit barely misses you.
The crimson imp hits you. The white imp gestures at you.
The puff of frost hits you!
* * * LOW HITPOINT WARNING * * *
You slash Eustachio!
Eustachio is almost dead.
You barely miss the white imp. You hit the quasit.
You closely miss the crimson imp. You slash the river rat!
You kill the river rat!
The river rat's corpse disappears in a puff of smoke!
The bat hits you but does no damage. Eustachio hits you with a falchion.
You die...

#..........+
#..<.......# .#
#..........# .#
#..........# ..#
#..........# ..#
###..##..###...#
###>.###'###...###
......§.5.........
......@@.†........
.......55b.........
...................
..................
###..##..##..##..#
##+ ##+# ..# .#
.... . ....


You could see Eustachio, a quasit, a crimson imp, a white imp and a bat.

Vanquished Creatures
  2 orc priests (D:3)
  An orc wizard (D:3)
  Terence (D:2)
  An adder (D:3)
  An ooze (D:1)
  2 worms
  2 leopard geckos
  7 orcs (D:3)
  A giant cockroach (D:4)
  A goblin (D:2)
  3 hobgoblins (D:1)
  2 frilled lizards
  A rat (D:1)
25 creatures vanquished.

Notes
Turn   | Place    | Note
-------+----------+-------------------------------------------
     0 | D:1      | iamserjio the Gargoyle Fighter began the quest for the Orb.
     0 | D:1      | Reached XP level 1. HP: 14/14 MP: 1/1
    38 | D:2      | Noticed Terence
    43 | D:2      | Killed Terence
    43 | D:2      | Reached XP level 2. HP: 17/19 MP: 2/2
    43 | D:2      | Reached XP level 3. HP: 21/23 MP: 3/3
   229 | D:3      | Reached XP level 4. HP: 23/29 MP: 4/4
   256 | D:3      | Reached XP level 5. HP: 17/33 MP: 5/5
   290 | D:4      | Noticed Eustachio
   309 | D:4      | Noticed a black bear
   313 | D:4      | HP: 1/33 [white imp/puff of frost[Eustachio] (9)]
   314 | D:4      | Slain by Eustachio

Vault maps used:
D:1:      dpeg_arrival_radiant, minmay_pentomino_x4
D:2:      overflow_temple_1_default, nicolae_overflow_crystal_walls,
          corexii_hall_statues_deadend, uniq_terence
D:3:      nicolae_overflow_hidden_temple
D:4:      lemuel_crystal_altar, uniq_eustachio

Skill      XL: |  1  2  3  4 |
---------------+-------------+-----
Axes           | 2 3 |  3.3
Fighting       | 4 |  4.1
Armour         | 4 |  4.1
Shields        | 4 |  4.1

Action                   |  1- 3 |  4- 6 || total
-------------------------+-------+-------++-------
Melee: War axe           |    33 |    37 ||    70
  Use: Potion            |     1 |       ||     1
Armor: Scale mail        |    14 |    59 ||    73
Dodge: Dodged            |     6 |    41 ||    47
Block: Shield            |    16 |    49 ||    65

Table legend:
 A = Spawn XP
 B = Non-spawn XP
 C = Spawn XP percentage of total XP
 D = Spawn monster count
 E = Non-spawn monster count
 F = Spawn count percentage of total count
 G = Total turns spent on level
                    A         B        C        D         E        F      G
               +---------+---------+-------+---------+---------+-------+---------
         Total |       0 |     219 |   0.0 |       0 |      25 |   0.0 |   314
               +---------+---------+-------+---------+---------+-------+---------
           D:1 |       0 |      18 |   0.0 |       0 |       7 |   0.0 |   116
           D:2 |       0 |      40 |   0.0 |       0 |       4 |   0.0 |    68
           D:3 |       0 |     159 |   0.0 |       0 |      13 |   0.0 |   100
           D:4 |       0 |       2 |   0.0 |       0 |       1 |   0.0 |    30
               +---------+---------+-------+---------+---------+-------+---------
